 Dungeon Crawl Stone Soup version 0.30.1-9-gdf580d7c3d (webtiles) character file.

Game seed: 2809028583233507909

730 KittyFluff the Cudgeller (level 7, 0/44 HPs)
             Began as a Gargoyle Berserker on Oct 10, 2023.
             Was a Priest of Trog.
             Slain by a gnoll
             ... wielding a +0 spear
             ... led by a gnoll bouda
              (4 damage)
             ... on level 5 of the Dungeon.
             The game lasted 00:19:16 (4203 turns).

KittyFluff the Cudgeller (Gargoyle Berserker)       Turns: 4203, Time: 00:19:17

Health: 0/44       AC: 15    Str: 34    XL:     7   Next: 73%
Magic:  7/7        EV: 12    Int:  8    God:    Trog [***...]
Gold:   110        SH:  0    Dex:  9    Spells: 6/6 levels left

rFire   . . .        a - +0 mace
rCold   . . .        (no shield)
rNeg    + . .        F - +0 leather armour {Will+}
rPois   ∞            f - +1 hat
rElec   +            L - +2 cloak {rPois}
rCorr   .            k - +0 pair of gloves
SInv    .            p - +0 pair of boots
Will    +....        (no amulet)
Stlth   +            I - +6 ring of strength
HPRegen 0.27/turn    G - +6 ring of strength
MPRegen 0.10/turn

%: no passive effects
@: on berserk cooldown, slowed, very slow
A: sickness immunity, AC +4, negative energy resistance 1, electricity
resistance, torment resistance 1, petrification resistance
a: Renounce Religion, Berserk, Trog's Hand


You were on level 5 of the Dungeon.
You worshipped Trog.
Trog was most pleased with you.
You visited 1 branch of the dungeon, and saw 5 of its levels.

You collected 110 gold pieces.

Inventory:

Hand Weapons
 a - a +0 mace (weapon)
 K - a +4 quarterstaff of chaos
Missiles
 c - 5 poisoned darts
 D - a boomerang (quivered)
Armour
 f - a +1 hat (worn)
 k - a +0 pair of gloves (worn)
 p - a +0 pair of boots (worn)
 v - a +0 helmet
 F - a +0 leather armour of willpower (worn)
 L - a +2 cloak of poison resistance (worn)
Jewellery
 h - a +4 ring of protection
 x - a +6 ring of intelligence
 C - a ring of protection from fire
 G - a +6 ring of strength (right hand)
 I - a +6 ring of strength (left hand)
Wands
 r - a wand of flame (12)
Scrolls
 b - 4 scrolls of magic mapping {unknown}
 d - 2 scrolls of enchant weapon {unknown}
 e - a scroll of noise {unknown}
 g - a scroll of torment {unknown}
 l - 2 scrolls of fog {unknown}
 m - a scroll of fear {unknown}
 n - a scroll of poison {unknown}
 o - 2 scrolls of enchant armour {unknown}
 u - a scroll of teleportation {unknown}
 w - a scroll of vulnerability {unknown}
 y - a scroll of amnesia {unknown}
 E - a scroll of blinking {unknown}
 H - a scroll of identify {unknown}
 J - a scroll of brand weapon {unknown}
Potions
 i - 3 potions of haste {unknown}
 j - 2 potions of curing {unknown}
 q - a potion of resistance {unknown}
 s - a potion of flight {unknown}
 t - a potion of berserk rage {unknown}
 z - a potion of degeneration {unknown}
 A - a potion of heal wounds {unknown}
 B - a potion of mutation {unknown}
 M - a potion of magic {unknown}


   Skills:
 + Level 4.8 Fighting
 * Level 5.7 Maces & Flails
 * Level 5.5 Armour
 + Level 3.1 Dodging


You had 6 spell levels left.
You didn't know any spells.
Your spell library was empty.

Dungeon Overview and Level Annotations

Branches:
Dungeon (5/15)             Temple (0/1) D:4

Altars:
Nemelex Xobeh
Qazlal
Ru
Sif Muna
Yredelemnul

Shops:
D:1 [   D:2 [   D:4 =


Innate Abilities, Weirdness & Mutations

You are immune to sickness and miasma.
Your stone body is resilient. (AC +4)
You are immune to poison.
You resist negative energy. (rN+)
You are resistant to electric shocks. (rElec)
You are resistant to unholy torment.
You are immune to petrification.


Message History

You miss the adder.
The adder is almost dead.
The adder barely misses you. The gnoll barely misses you.
You closely miss the adder.
The adder is almost dead.
The adder closely misses you. The gnoll hits you but does no damage.
The gnoll hits you from afar with a +0 spear.
* * * LOW HITPOINT WARNING * * *
You sock the adder!
You kill the adder!
Trog accepts your kill.
The gnoll is no longer moving quickly.
The gnoll barely misses you. The gnoll hits you but does no damage.
The gnoll hits you with a +0 club.
* * * LOW HITPOINT WARNING * * *
Items here: )) [ †.
You sock the gnoll!
You kill the gnoll!
Trog accepts your kill.
The gnoll is no longer moving quickly.
The gnoll hits you but does no damage. The gnoll closely misses you.
You sock the gnoll!
The gnoll is severely wounded.
The gnoll hits you with a +2 halberd of venom.
* * * LOW HITPOINT WARNING * * *
The gnoll barely misses you. The gnoll closely misses you.
You sock the gnoll!
You kill the gnoll!
Trog accepts your kill.
The gnoll is no longer moving quickly.
The gnoll hits you but does no damage. The gnoll barely misses you.
You thump the gnoll!
The gnoll is almost dead.
You are no longer berserk.
You are exhausted.
You feel yourself slow down.
You hit the gnoll.
You kill the gnoll!
Trog accepts your kill. The gnoll hits you but does no damage.
The gnoll hits you with a +0 spear.
You die...

.#.#. #.. .#....#.. ##.
..#...# .. #.. ......# )..#
#.# ...#... .... ########.#
....... ....
#.....##.##g...#....##.....
#.........@)...............
#.....##.##)...#.#....##..#
#.....#### ##......#.....#
#.....# #......#...##
###..##########........#..#
##....)))##...>.........#
#######..............)..
###...............
################


You could see a gnoll.

Vanquished Creatures
  An ice beast (D:5)
  A black bear (D:4)
  A scorpion (D:4)
  An orc priest (D:5)
  Crazy Yiuf (D:4)
  A gnoll bouda (D:5)
  Jessica (D:2)
  An iguana (D:5)
  4 orc wizards (D:5)
  A scorpion zombie (D:3)
  A hound zombie (D:3)
  4 gnolls (D:5)
  8 adders
  2 worms
  2 dart slugs
  13 orcs
  3 ball pythons
  5 bats
  6 endoplasms
  4 giant cockroaches
  6 goblins
  9 hobgoblins
  10 jackals
  3 kobolds
  4 quokkas
  2 frilled lizards (D:2)
  6 rats
101 creatures vanquished.

Vanquished Creatures (others)
  2 orc wizards (D:5)
2 creatures vanquished.

Grand Total: 103 creatures vanquished

Notes
Turn   | Place    | Note
-------+----------+-------------------------------------------
     0 | D:1      | KittyFluff the Gargoyle Berserker began the quest for the
                  | Orb.
     0 | D:1      | Reached XP level 1. HP: 14/14 MP: 1/1
   106 | D:1      | Found Taivudya's Armour Boutique.
   120 | D:1      | Reached XP level 2. HP: 17/19 MP: 2/2
   351 | D:1      | Found a faded altar of an unknown god.
   414 | D:1      | Reached XP level 3. HP: 21/23 MP: 3/3
   732 | D:2      | Found a sacrificial altar of Ru.
   785 | D:2      | Noticed Jessica
   791 | D:2      | Killed Jessica
   792 | D:2      | Reached XP level 4. HP: 28/29 MP: 4/4
   924 | D:2      | Reached ** piety under Trog
   960 | D:2      | Found Kosank's Antique Armour Emporium.
  1288 | D:2      | Reached XP level 5. HP: 33/33 MP: 5/5
  1638 | D:3      | Found a stormy altar of Qazlal.
  1638 | D:3      | Found a sparkling altar of Nemelex Xobeh.
  1638 | D:3      | Found a shimmering blue altar of Sif Muna.
  1829 | D:3      | Found a basalt altar of Yredelemnul.
  2372 | D:4      | Reached XP level 6. HP: 30/38 MP: 6/6
  2581 | D:4      | Found a staircase to the Ecumenical Temple.
  2642 | D:4      | Noticed a black bear
  2661 | D:4      | Killed a black bear
  3150 | D:4      | Found Pawuen's Jewellery Boutique.
  3480 | D:4      | Found a runed translucent door.
  3481 | D:4      | Noticed Crazy Yiuf
  3488 | D:4      | Killed Crazy Yiuf
  3715 | D:5      | Entered Level 5 of the Dungeon
  3739 | D:5      | Reached skill level 5 in Maces & Flails
  3741 | D:5      | Identified the staff of poison "Fyrisero" {rPois Will+}
  3834 | D:5      | Reached XP level 7. HP: 25/44 MP: 7/7
  4009 | D:5      | Reached *** piety under Trog
  4036 | D:5      | Reached skill level 5 in Armour
  4203 | D:5      | Slain by a gnoll

Illustrated notes

Levels and vault maps discovered:
D:1:      dpeg_arrival_arbitrary_a, layout_rooms,
          shapermc_ecumenical_altar_petra, serial_shops, shop
D:2:      layout_loops_cross, basic_altar, serial_shops,
          nicolae_shop_behind_doors, uniq_jessica
D:3:      layout_basic, lemuel_zombie_altar_yredelemnul,
          gammafunk_temple_overflow_forgotten
D:4:      layout_basic, minmay_temple_entry_enclosed_plants, grunt_ministairs_8,
          roderic_lattice_a, minmay_misc_feat_enclosed, serial_bayou_pond_a,
          minmay_shop_enchanted_jewellery, uniq_crazy_yiuf_cottage
D:5:      layout_rooms, hangedman_decor_peaks_small, uniq_duvessa

Skill      XL: |  1  2  3  4  5  6  7 |
---------------+----------------------+-----
Dodging        | 2 3 |  3.1
Armour         | 3 4 5 |  5.5
Maces & Flails | 4 5 |  5.7
Fighting       | 4 |  4.8

Action                     |  1- 3 |  4- 6 |  7- 9 || total
---------------------------+-------+-------+-------++-------
  Melee: Mace              |    74 |   279 |   105 ||   458
         Punch             |     2 |     3 |       ||     5
 Invoke: Berserk           |       |     1 |     2 ||     3
 Armour: Animal skin       |     6 |       |       ||     6
         Leather armour    |    41 |   174 |    57 ||   272
  Dodge: Dodged            |    49 |   184 |    59 ||   292
